 Dungeon Crawl Stone Soup version 0.18-a0-1435-gee79d65 (webtiles) character file.

813041 chei the Naga Blade (level 27, -2/233 HPs)
             Began as a Naga Fighter on Feb 27, 2016.
             Was the Champion of Cheibriados.
             Slain by a greater mummy (13 damage)
             ... on level 2 of the Tomb of the Ancients on Feb 28, 2016.
             The game lasted 05:47:31 (107785 turns).

chei the Naga Blade (Naga Fighter)                Turns: 107785, Time: 05:47:32

Health: -2/233     AC: 33    Str: 39    XL:     27
Magic:  0/50       EV: 22    Int: 47    God:    Cheibriados [******]
Gold:   3109       SH: 19    Dex: 27    Spells: 6 memorised, 31 levels left

rFire  + . .     SeeInvis +     Y - +11 demon blade of the Many Runes {slice, *Noise rElec Int+5}
rCold  + . .     Gourm    .     K - +4 moon troll leather armour {Spirit, Regen++ MP+5}
rNeg   + + +     Faith    .     t - +5 shield of the Midnight Sun {rC- Int+7}
rPois  +         Spirit   +     O - +0 hat "Woseoti" {rN++ MR+}
rElec  +         Dismiss  .     q - +1 ratskin cloak {rPois rN+ Int-1 Dex-1}
rCorr  +         Reflect  .     N - +2 pair of gloves of the Last Wishes {Int+4}
SustAt .         Harm     .     b - +4 naga barding {Fly}
MR     ++...                    h - amulet of magic regeneration
Stlth  +++++.....               z - ring of wizardry
                                a - ring of protection from cold

@: brilliant, silence, resistant, vulnerable, flying, very slightly
contaminated, slowed, deflect missiles, very slow, very resistant to hostile
enchantments, quite stealthy
A: see invisible, deformed body, dopey 1, frail 1, low mp 1, mutation resistance
1, poison resistance, screaming 2, slowness 2, slow metabolism 1, spit poison 3,
constrict 1, AC +9
a: Breathe Poison Gas, Renounce Religion, Stop Flying
}: 4/15 runes: barnacled, slimy, silver, gossamer


You were on level 2 of the Tomb of the Ancients.
You worshipped Cheibriados.
Cheibriados was exalted by your worship.
You were full.

You visited 14 branches of the dungeon, and saw 64 of its levels.
You visited the Abyss 1 time.
You also visited: Trove, Bailey and Ice Cave.

You collected 8980 gold pieces.
You spent 5871 gold pieces at shops.

Inventory:

Hand Weapons
 r - the +7 demon blade of Distant Shores {drain, rElec rF+ MP+9 Int-4}
   (Okawaru gifted it to you on level 2 of the Spider Nest)

   A truly terrible weapon, it drains the life of those it strikes.
   It affects your intelligence (-4).
   It protects you from fire.
   It insulates you from electricity.
   It affects your magic capacity (+9).
 S - a +5 triple sword of freezing
 Y - the +11 demon blade of the Many Runes (weapon) {slice, *Noise rElec Int+5}
   (You found it in a treasure trove)

   It inflicts extra damage upon your enemies.
   It affects your intelligence (+5).
   It insulates you from electricity.
   It may make noises in combat.
Armour
 b - a +4 naga barding of flying (worn)
 q - the +1 ratskin cloak (worn) {rPois rN+ Int-1 Dex-1}
   (You found it on level 5 of the Vaults)

   It affects your intelligence (-1).
   It affects your dexterity (-1).
   It protects you from poison.
   It protects you from negative energy.
 t - the +5 shield of the Midnight Sun (worn) {rC- Int+7}
   (You took it off Donald on level 1 of the Crypt)

   It affects your intelligence (+7).
   It makes you vulnerable to cold.
 x - the +1 naga barding of Pipunom {+Inv rN+ Int-4}
   (Okawaru gifted it to you on level 13 of the Dungeon)

   It affects your intelligence (-4).
   It protects you from negative energy.
   It lets you turn invisible.
 A - the +2 cloak of Trumpets {+Inv rElec Int+3}
   (Okawaru gifted it to you on level 3 of the Vaults)

   It affects your intelligence (+3).
   It insulates you from electricity.
   It lets you turn invisible.
 J - the +0 helmet "Raulul" {MR+ Slay+3}
   (You found it on level 5 of the Vaults)

   It affects your accuracy and damage with ranged weapons and melee attacks
   (+3).
   It affects your resistance to hostile enchantments.
 K - the +4 moon troll leather armour (worn) {Spirit, Regen++ MP+5}
   (You took it off a yaktaur captain on level 5 of the Depths)

   It affects your magic capacity (+5).
   It increases your rate of regeneration.
 N - the +2 pair of gloves of the Last Wishes (worn) {Int+4}
   (Okawaru gifted it to you on level 3 of the Spider Nest)

   It affects your intelligence (+4).
 O - the +0 hat "Woseoti" (worn) {rN++ MR+}
   (You bought it in a shop on level 10 of the Dungeon)

   It greatly protects you from negative energy.
   It affects your resistance to hostile enchantments.
 U - the +1 hat "Uploj" {rElec Str+2 Int+3 Dex+2}
   (Okawaru gifted it to you on level 2 of the Shoals)

   It affects your strength (+2).
   It affects your intelligence (+3).
   It affects your dexterity (+2).
   It insulates you from electricity.
Magical Staves
 p - an uncursed staff of air
 C - an uncursed staff of energy
Jewellery
 a - a ring of protection from cold (left hand)
 d - the ring "Okaos" {*Corrode rF+ rN+ MR++ Int+3}
   (You found it on level 1 of the Realm of Zot)

   [ring of positive energy]

   It affects your intelligence (+3).
   It protects you from fire.
   It protects you from negative energy.
   It affects your resistance to hostile enchantments.
   It may corrode your equipment when you take damage.
 h - an amulet of magic regeneration (around neck)
 j - an uncursed ring of resist corrosion
 z - a ring of wizardry (right hand)
Wands
 n - a wand of digging (0/24)
 H - a wand of heal wounds (0/9)
Scrolls
 e - 2 scrolls of amnesia
 o - 20 scrolls of remove curse
 B - 2 scrolls of immolation
 D - a scroll of teleportation
 I - 18 scrolls of identify
 L - 3 scrolls of silence
 M - 2 scrolls of torment
 R - 4 scrolls of magic mapping
 X - 6 scrolls of fog
 Z - 6 scrolls of fear
Potions
 u - 14 potions of curing
 v - 5 potions of brilliance
 E - 2 potions of resistance
 F - 2 potions of cure mutation
 T - a potion of cancellation
Books
 c - an Akashic Record

   Spells                             Type                      Level
   a - Dispersal                      Translocation                6
   b - Malign Gateway                 Summoning/Translocation      7
   c - Disjunction                    Translocation                8
   d - Controlled Blink               Translocation                8
Miscellaneous
 l - a disc of storms
 s - a sack of spiders {used: 3}
 G - a sack of spiders
 V - a fan of gales (inert)
 W - a phial of floods (inert)
Comestibles
 f - 31 bread rations
 i - 17 meat rations


   Skills:
 - Level 17.6 Fighting
   Level 12.9(20.1) Short Blades
 - Level 24.3(25.1) Long Blades
 - Level 4.0 Staves
 - Level 12.0 Armour
 - Level 13.6 Dodging
 - Level 12.0 Stealth
 - Level 6.3 Shields
 + Level 23.4 Spellcasting
   Level 14.1 Conjurations
 - Level 1.8 Charms
   Level 0.8 Summonings
 - Level 17.9 Translocations
 * Level 18.8 Air Magic
 - Level 12.5 Invocations
 - Level 1.9 Evocations


You had 31 spell levels left.
You knew the following spells:

 Your Spells              Type           Power        Failure   Level  Hunger
b - Controlled Blink      Tloc           N/A          1%          8    None
c - Blink                 Tloc           N/A          0%          2    None
d - Disjunction           Tloc           ########..   1%          8    None
e - Deflect Missiles      Chrm/Air       ########..   1%          6    None
f - Tornado               Air            ########..   2%          9    None
i - Necromutation         Trmt/Necr      ######....   99%         8    None


Dungeon Overview and Level Annotations

Branches:
Dungeon (15/15)            Temple (1/1) D:7            Lair (8/8) D:8
 Shoals (4/4) Lair:5       Spider (4/4) Lair:6        Slime (6/6) Lair:8
    Orc (2/2) D:9             Elf (3/3) Orc:2        Vaults (5/5) D:13
  Crypt (3/3) Vaults:2       Tomb (2/3) Crypt:3      Depths (5/5) D:15
   Hell (1/1)                 Zot (5/5) Depths:5
    Dis: Hell:1         Geh: Hell:1         Coc: Hell:1         Tar: Hell:1

Altars:
Ashenzari
Cheibriados
Dithmenos
Elyvilon
Fedhas
Gozag
Kikubaaqudgha
Makhleb
Nemelex Xobeh
Okawaru
Pakellas
Qazlal
Ru
Sif Muna
Trog
Vehumet
Xom
Yredelemnul
Zin
The Shining One
Jiyva

Shops:
D:4 ?[[   D:10 [   D:12 *   Orc:2 (=!*   Vaults:1 *   Vaults:5 %%%%?!%?%
Depths:5 ?

Portals:
Hell: Depths:1 Depths:2 Depths:3 Depths:4 Depths:5
Abyss: Depths:2 Depths:4 Depths:5
Pandemonium: Depths:1 Depths:3 Depths:5
Ziggurat: Depths:3

Annotations:
Hell Geryon


Innate Abilities, Weirdness & Mutations

You cannot wear boots.
Your serpentine skin is tough (AC +9).
You have supernaturally acute eyesight.
Armour fits poorly on your strangely shaped body.
Your system is resistant to poisons.
You cover ground very slowly.
You have a slow metabolism.
You can exhale a cloud of poison.
You can use your snake-like lower body to constrict enemies.
You are dopey. (Int -2)
You are frail (-10% HP).
Your magical capacity is low (-10% MP).
You are somewhat resistant to further mutation.
You sometimes yell uncontrollably at your foes.


Message History

* * * LOW HITPOINT WARNING * * *
The greater mummy closely misses you. The ushabti closely misses you.
The snapping turtle skeleton misses you.
The shadow wraith barely misses you.
The ushabti shakes and rattles.
The vile air hits the greater mummy.
The vile air hits you!
* * * LOW HITPOINT WARNING * * *
The vile air hits the hungry ghost.
The vile air hits the wight.
The mummy priest mumbles some strange prayers to its god.
Read which item? (? for menu, Esc to quit)
Okay, then.
Drink which item? (? for menu, Esc to quit)
Okay, then.
Okay, then.
Drink which item? (? for menu, Esc to quit)
You feel better. The bennu barely misses you. You block the bennu's attack.
The bennu barely misses you. The greater mummy misses you.
The hungry ghost closely misses you.
The phantasmal warrior blinks!
The greater mummy hits you!
You die...
ZM

# .ZM#
#####M#############
#......4..........
#.......4W.......
#.†....ZMWM8...#
#...?..3S8SWZ..#...
#.....†##8Mb8...... ..#
#.....###zM@#### ...#
#....###WnWMW######M...
#...###.WMWSMzn........
§..§##..Z.WMMWW........
#......W.§.ZM..........
...........†.......
.##$.......<††.....
...........†....§
...............§


You could see 3 greater mummies, a bennu, 2 mummy priests, a soul eater, a
flayed ghost, 2 shadow wraiths, 2 orange demons, 2 phantasmal warriors, 3 mana
vipers, a guardian mummy, 4 ushabtiu, 2 freezing wraiths, a spectral stone
giant, a hungry ghost, 2 wraiths, 2 necrophages, 2 shadows, a flying skull, 5
mummies, a wight, a five-headed hydra zombie, a fire giant zombie, a snapping
turtle skeleton and a frost giant skeleton.

Vanquished Creatures
  5 ancient liches
  5 orbs of fire
  Mennas (Vaults:3)
  Mara (Vaults:3)
  A juggernaut (Zot:1)
  4 greater mummies
  Sojobo (Depths:1)
  Frederick (Tomb:1)
  A Killer Klown (Zot:5)
  A curse toe (Zot:3)
  14 golden dragons
  the Enchantress (Depths:4)
  Arachne (Spider:2)
  2 profane servitors (Crypt:3)
  Jory (Vaults:4)
  Nikola (Shoals:2)
  17 liches
  The ghost of namelastname112 the Brawler, an adept DrMo of Jiyva (Vaults:5)
  A bone dragon (Crypt:3)
  4 electric golems
  Jorgrun (Shoals:2)
  9 Orb Guardians
  25 tentacled monstrosities
  4 deep elf blademasters
  9 titans
  A quicksilver dragon (shapeshifter) (Zot:2)
  A quicksilver dragon (Zot:2)
  24 acid blobs
  An eldritch tentacle (Zot:1)
  A kraken (Shoals:2)
  Frances (Vaults:2)
  Polyphemus (Shoals:2)
  5 deep elf master archers
  An acid blob (shapeshifter) (Zot:2)
  A tentacled starspawn (Abyss:5)
  15 death cobs
  Kirke (Lair:5)
  4 ancient champions
  6 sphinxes
  5 shadow dragons
  Agnes (Elf:1)
  9 tengu reavers
  19 storm dragons
  8 draconian monks
  3 revenants
  An azure jelly (shapeshifter) (Zot:2)
  8 azure jellies
  Donald (Crypt:1)
  Ilsuiw (Shoals:4)
  20 frost giants
  3 draconian knights
  21 fire giants
  5 draconian scorchers
  21 vault wardens
  4 emperor scorpions (Spider:4)
  Aizul (Spider:1)
  5 iron dragons
  2 orc warlords (Vaults:5)
  A ghost moth (shapeshifter) (Vaults:4)
  A curse skull (Crypt:1)
  12 deep elf sorcerers
  Louise (Shoals:2)
  4 ghost moths
  11 draconian zealots
  6 deep elf elementalists
  9 spriggan defenders
  2 balrugs
  A war gargoyle (Vaults:5)
  2 reapers
  4 draconian shifters
  3 salamander stormcallers
  9 draconian annihilators
  19 ironheart preservers
  12 ghouls
  8 vampire knights
  23 very ugly things
  A juggernaut skeleton (Crypt:1)
  42 stone giants
  A draconian caller (Zot:3)
  17 green draconians
  5 deep elf demonologists (Elf:3)
  5 bennus
  13 deep elf annihilators
  9 yellow draconians
  14 red draconians
  14 black draconians
  A red draconian (shapeshifter) (Zot:2)
  14 purple draconians
  6 merfolk javelineers
  11 spark wasps
  9 mottled draconians
  18 white draconians
  A spark wasp (shapeshifter) (Depths:4)
  8 merfolk impalers
  11 eidola
  23 deep elf death magi
  24 ettins
  12 mummy priests
  19 fire dragons
  6 death oozes (Slime:6)
  21 great orbs of eyes
  11 jiangshi (Crypt:1)
  27 vault guards
  5 deep elf high priests
  14 entropy weavers
  13 ice dragons
  20 yaktaur captains
  4 rakshasas
  7 hydras
  A quicksilver dragon skeleton (Depths:4)
  A hydra (shapeshifter) (Zot:2)
  8 merfolk avatars
  A ghost crab (Orc:2)
  16 centaur warriors
  6 spriggan air magi
  11 merfolk aquamancers
  2 alligator snapping turtles (Shoals:4)
  4 catoblepae
  An alligator (shapeshifter) (Zot:2)
  Erica (D:11)
  A queen ant (Spider:1)
  21 ogre magi
  A tengu warrior (D:13)
  30 dancing weapons
  3 satyrs
  6 death knights
  12 vampire magi
  14 spriggan berserkers
  3 orc high priests (Orc:2)
  11 deep troll shamans
  24 death yaks
  7 hell knights
  8 deep troll earth magi
  2 sun demons
  4 small abominations
  5 soul eaters
  24 skeletal warriors
  A storm dragon zombie (Depths:4)
  3 shadow wraiths
  10 iron trolls
  2 fire crabs
  31 deep elf knights
  2 death drakes (shapeshifter)
  An iron troll (shapeshifter) (Vaults:4)
  A golden dragon zombie (Crypt:3)
  A ghost moth zombie (Crypt:3)
  17 death scarabs
  19 deep trolls
  3 unseen horrors
  9 flayed ghosts
  A shadow dragon zombie (Depths:4)
  A sea snake (shapeshifter) (Depths:2)
  3 giant orange brains
  12 harpies
  12 sea snakes
  11 ironbrand convokers
  9 hill giants
  25 phantasmal warriors
  37 deep elf archers
  14 necromancers
  4 wizards
  2 iron dragon zombies
  7 anubis guards (Tomb:1)
  An orb spider (shapeshifter) (Vaults:2)
  21 orc knights
  A frost giant zombie (Crypt:3)
  A shining eye (shapeshifter) (Vaults:4)
  16 orb spiders
  2 hornets (shapeshifter)
  8 orc sorcerers
  2 stone giant zombies
  15 griffons
  An oklob plant (Lair:6)
  15 manticores
  110 deep elf magi
  14 hornets
  The ghost of Meriados the Destroyer, a novice HuCj (D:5)
  74 slime creatures
  6 fauns
  32 wolf spiders
  7 cyclopes
  3 fire giant zombies
  A cyclops (shapeshifter) (Vaults:5)
  65 ugly things
  7 salamanders
  37 moths of wrath
  7 water nymphs
  2 rust devils
  An elephant (shapeshifter) (Depths:4)
  26 elephants
  4 shining eyes
  7 sirens
  2 octopodes (shapeshifter)
  A frost giant skeleton (Vaults:3)
  A shock serpent zombie (Crypt:3)
  Psyche (D:9)
  8 black mambas
  3 black mambas (shapeshifter)
  2 centaur zombies
  A dire elephant zombie (Crypt:3)
  3 guardian serpents (Zot:2)
  4 naga magi (D:15)
  2 ice statues (IceCv)
  An alligator snapping turtle zombie (Crypt:1)
  2 eyes of devastation
  An apis skeleton (Crypt:2)
  14 vault sentinels
  3 torpor snails
  3 gargoyles
  A storm dragon simulacrum (Depths:4)
  A yellow draconian zombie (Crypt:2)
  A red draconian zombie (Crypt:1)
  13 demonic crawlers
  A yaktaur zombie (Vaults:5)
  8 komodo dragons
  2 rime drakes (shapeshifter)
  11 spiny frogs
  78 yaktaurs
  4 kobold demonologists
  A rime drake (Lair:3)
  21 guardian mummies
  16 freezing wraiths
  A redback zombie (Crypt:1)
  A red devil (Depths:1)
  2 purple draconian skeletons (Crypt:2)
  7 trolls
  2 hydra zombies
  5 tengu conjurers
  43 jumping spiders
  39 merfolk
  A queen bee (shapeshifter) (Depths:5)
  The ghost of Gagarin the Slasher, an amateur MiGl (D:4)
  7 boulder beetles
  3 wind drakes
  2 shadow dragon simulacra
  4 harpy zombies (Zot:2)
  2 polar bears (shapeshifter) (Depths:3)
  2 raiju (Zot:2)
  2 bog bodies
  A tarantella zombie (Crypt:1)
  2 ice dragon zombies
  A raiju (shapeshifter) (Depths:2)
  39 two-headed ogres
  A two-headed ogre (shapeshifter) (Depths:1)
  An alligator zombie (Crypt:3)
  Prince Ribbit (D:8)
  A fire dragon zombie (Crypt:3)
  A frost giant simulacrum (Vaults:2)
  A harpy skeleton (Tomb:1)
  7 ushabtiu
  A stone giant simulacrum (Vaults:3)
  2 ettin zombies
  14 blink frogs
  13 snapping turtles
  16 flying skulls
  90 redbacks
  2 human simulacra
  A centaur simulacrum (D:15)
  10 air elementals
  33 tarantellas
  Sigmund (D:6)
  28 spriggans
  5 shadows
  10 wraiths
  3 wyverns
  62 yaks
  A human (D:7)
  17 water elementals
  5 hogs
  A neqoxec (Abyss:5)
  6 fire elementals
  6 golden eyes
  15 hippogriffs
  A hippogriff (shapeshifter) (Vaults:1)
  3 hungry ghosts
  A basilisk (Lair:2)
  21 vampire mosquitoes
  Menkaure (D:4)
  3 mottled dragons
  10 wargs
  14 wolves
  A yaktaur simulacrum (Vaults:1)
  2 deep troll zombies (Vaults:5)
  A spatial vortex (Abyss:5)
  A glowing shapeshifter zombie (Crypt:2)
  A swamp worm (shapeshifter) (Depths:2)
  14 soldier ants (Spider:1)
  15 water moccasins
  A merfolk skeleton (Crypt:1)
  16 porcupines
  7 hell hounds (Depths:5)
  3 human skeletons
  51 orc warriors
  A putrid demonspawn skeleton (Crypt:1)
  7 ice beasts (IceCv)
  2 spiny frog skeletons
  5 sky beasts
  6 large abominations
  19 necrophages
  3 phantoms
  A black bear (shapeshifter) (Depths:1)
  4 black bears
  2 swamp dragon zombies (Crypt:3)
  8 wasps
  An elephant zombie (Crypt:2)
  8 eyes of draining
  78 ogres
  26 boggarts
  An ogre (shapeshifter) (Vaults:5)
  A boggart (shapeshifter) (Elf:3)
  16 crocodiles
  25 centaurs
  A big kobold (D:14)
  An elf zombie (Elf:1)
  27 giant frogs
  5 earth elementals
  A water moccasin zombie (D:10)
  8 wyvern skeletons (Crypt:3)
  4 scorpions
  14 wights
  A polar bear skeleton (Crypt:1)
  5 howler monkeys
  3 electric eels
  6 crimson imps
  2 quasits
  4 centaur skeletons
  9 hounds
  33 jellies
  26 orc priests
  4 giant frog skeletons
  10 iguanas
  Ijyb (D:2)
  31 worker ants
  29 orc wizards
  A worker ant (shapeshifter) (Vaults:1)
  2 killer bee zombies
  17 sheep
  A tengu skeleton (Crypt:1)
  19 mummies
  2 worker ant zombies
  6 gnolls
  A howler monkey skeleton (D:7)
  A howler monkey zombie (Crypt:2)
  16 adders
  63 river rats
  A steam dragon zombie (Crypt:2)
  A white imp (Vaults:2)
  2 oozes
  2 adder zombies
  2 adder skeletons
  A worm (D:3)
  A ball lightning (Depths:3)
  4 dart slugs
  5 giant geckos
  135 orcs
  4 ball pythons
  11 giant cockroaches
  12 goblins
  13 hobgoblins
  A jackal (shapeshifter) (Elf:1)
  27 jackals
  24 kobolds
  8 quokkas
  9 bats
  8 giant newts
  4 quokka skeletons
  11 rats
  A butterfly (Zot:2)
  6 crawling corpses
  3 fungi
  4 lost souls (Crypt:3)
  A plant (Lair:7)
  A starspawn tentacle (Abyss:5)
  4 tentacles (Shoals:2)
3573 creatures vanquished.

Vanquished Creatures (collateral kills)
  the Royal Jelly (Slime:6)
  Roxanne (Shoals:3)
  A deep elf elementalist (Elf:3)
  A spriggan air mage (Depths:4)
  A water nymph (Shoals:3)
  A yaktaur (Depths:4)
  A crocodile (Lair:2)
7 creatures vanquished.

Vanquished Creatures (others)
  A deep elf blademaster (Crypt:2)
  A frost giant (Crypt:3)
  Wiglaf (Vaults:1)
  A draconian knight (Zot:1)
  A draconian zealot (Zot:4)
  A very ugly thing (Depths:5)
  A green draconian (Zot:1)
  A spark wasp (Depths:5)
  A white draconian (Zot:4)
  A deep elf high priest (Vaults:5)
  A fire dragon (Zot:5)
  A deep elf knight (Elf:1)
  5 death scarabs (Tomb:2)
  A tengu skeleton (Vaults:5)
  2 deep elf magi
  An orc sorcerer (Orc:2)
  An ugly thing (Depths:5)
  A moth of wrath (Zot:2)
  A shock serpent zombie (Tomb:2)
  2 two-headed ogres (Vaults:5)
  A hog (shapeshifter) (Vaults:5)
  2 humans (Lair:6)
  A warg (Vaults:4)
  An orc warrior (Vaults:4)
  A necrophage (Crypt:2)
  A centaur (Vaults:2)
  An orc priest (Orc:2)
  An orc wizard (Vaults:5)
  A river rat (Lair:6)
  An orc (Vaults:4)
  4 eldritch tentacle segments (Zot:1)
  16 fungi
  5 lost souls
  93 plants
  2 snaplasher vines (Elf:3)
  36 snaplasher vine segments (Elf:3)
  A starspawn tentacle (Abyss:5)
  36 starspawn tentacle segments (Abyss:5)
  9 tentacles
  802 tentacle segments
  12 withered plants (Crypt:3)
1053 creatures vanquished.

Grand Total: 4633 creatures vanquished

Notes
Turn   | Place    | Note
--------------------------------------------------------------
     0 | D:1      | chei the Naga Fighter began the quest for the Orb.
     0 | D:1      | Reached XP level 1. HP: 21/21 MP: 1/1
   157 | D:1      | Reached XP level 2. HP: 5/28 MP: 2/2
   771 | D:1      | Reached XP level 3. HP: 29/34 MP: 3/3
   873 | D:1      | Reached skill level 1 in Dodging
  1481 | D:1      | Gained mutation: You can exhale a cloud of poison. [potion of beneficial mutation]
  1826 | D:2      | Reached XP level 4. HP: 28/42 MP: 4/4
  2144 | D:2      | Noticed Ijyb
  2150 | D:2      | Killed Ijyb
  2352 | D:2      | Reached XP level 5. HP: 40/49 MP: 5/5
  2375 | D:2      | Reached skill level 3 in Long Blades
  2790 | D:3      | Found a faded altar to an unknown god.
  3130 | D:3      | You fall through a shaft for 3 floors!
  3131 | D:6      | Noticed Sigmund
  3138 | D:6      | Killed Sigmund
  3138 | D:6      | Reached skill level 1 in Short Blades
  3138 | D:6      | Reached XP level 6. HP: 52/58 MP: 6/6
  3218 | D:5      | Entered Level 5 of the Dungeon
  3238 | D:5      | Noticed Meriados's ghost (novice HuCj)
  3265 | D:4      | Noticed Gagarin's ghost (amateur MiGl)
  3276 | D:4      | Found Ungoixun's Magic Scroll Emporium.
  3280 | D:4      | Found Nuoviwn's Antique Armour Shoppe.
  3990 | D:4      | Reached XP level 7. HP: 64/66 MP: 7/7
  4184 | D:3      | Reached skill level 5 in Fighting
  4835 | D:4      | Bought a scroll of teleportation for 33 gold pieces
  4839 | D:4      | Bought a shiny helmet for 117 gold pieces
  5369 | D:4      | Killed Gagarin's ghost
  5369 | D:4      | Reached XP level 8. HP: 70/76 MP: 8/8
  5650 | D:4      | Reached skill level 5 in Armour
  5660 | D:4      | Found Huegodgh's Armour Emporium.
  5796 | D:4      | Found a radiant altar of Vehumet.
  5801 | D:4      | Found a burning altar of Makhleb.
  5802 | D:4      | Found a bloodstained altar of Trog.
  5802 | D:4      | Found a white marble altar of Elyvilon.
  5805 | D:4      | Found an oddly glowing altar of Pakellas.
  5806 | D:4      | Found an opulent altar of Gozag.
  6058 | D:5      | Noticed Menkaure
  6130 | D:4      | Killed Menkaure
  6387 | D:5      | Found a shadowy altar of Dithmenos.
  6465 | D:5      | Killed Meriados's ghost
  6465 | D:5      | Reached XP level 9. HP: 86/86 MP: 9/9
  6827 | D:4      | Bought a glowing ring mail for 104 gold pieces
  7465 | D:6      | Found a sacrificial altar of Ru.
  7596 | D:6      | Reached skill level 5 in Short Blades
  8006 | D:7      | Reached skill level 5 in Dodging
  8008 | D:7      | Reached XP level 10. HP: 85/97 MP: 10/10
  8060 | D:7      | Found a shattered altar of Ashenzari.
  8105 | D:7      | Found a staircase to the Ecumenical Temple.
  8159 | Temple   | Entered the Ecumenical Temple
  8358 | Temple   | Became a worshipper of Warmaster Okawaru
  8974 | D:8      | Noticed an elephant
  8974 | D:8      | Found a staircase to the Lair.
  8974 | D:8      | Noticed Prince Ribbit
  9000 | D:8      | Killed an elephant
  9010 | D:8      | Killed Prince Ribbit
  9010 | D:8      | Reached * piety under Okawaru
  9429 | D:8      | Found a shattered altar of Ashenzari.
  9993 | D:9      | Noticed Psyche
  9998 | D:9      | Killed Psyche
  9998 | D:9      | Reached ** piety under Okawaru
 10001 | D:9      | Reached skill level 4 in Long Blades
 10007 | D:9      | Reached skill level 1 in Invocations
 10045 | D:9      | Found a staircase to the Orcish Mines.
 10139 | D:9      | Found an ancient bone altar of Kikubaaqudgha.
 10258 | D:9      | Reached XP level 11. HP: 70/106 MP: 6/12
 10724 | D:9      | Reached skill level 5 in Long Blades
 10968 | D:10     | Entered Level 10 of the Dungeon
 10980 | D:10     | Reached *** piety under Okawaru
 11334 | Lair:1   | Entered Level 1 of the Lair of Beasts
 11441 | Lair:1   | Reached **** piety under Okawaru
 11452 | Lair:1   | Reached skill level 6 in Long Blades
 11689 | Lair:1   | Reached skill level 10 in Fighting
 12267 | Lair:1   | Noticed a five-headed hydra
 12277 | Lair:1   | Killed a one-headed hydra
 12277 | Lair:1   | Reached ***** piety under Okawaru
 12551 | Lair:1   | Noticed a four-headed hydra
 12560 | Lair:1   | Killed a one-headed hydra
 13226 | D:4      | Bought a scroll of identify for 22 gold pieces
 13226 | D:4      | Bought a scroll of magic mapping for 38 gold pieces
 13226 | D:4      | Bought a scroll of identify for 22 gold pieces
 13226 | D:4      | Bought a scroll of enchant armour for 82 gold pieces
 13226 | D:4      | Bought a scroll of blinking for 82 gold pieces
 13519 | Lair:2   | Reached skill level 7 in Long Blades
 13579 | Lair:2   | Received a gift from Okawaru
 14140 | Lair:2   | Reached XP level 12. HP: 114/116 MP: 15/15
 14168 | Lair:2   | Noticed an eight-headed hydra
 14202 | Lair:2   | HP: 2/116 [black mamba (4)]
 14739 | Orc:1    | Entered Level 1 of the Orcish Mines
 14930 | Orc:2    | Entered Level 2 of the Orcish Mines
 15262 | Orc:2    | Reached skill level 5 in Invocations
 15472 | Orc:1    | Reached skill level 1 in Evocations
 16020 | Orc:2    | Found a staircase to the Elven Halls.
 16312 | Orc:2    | Noticed an orc high priest
 16313 | Orc:2    | Noticed a soul eater
 16313 | Orc:2    | Noticed a ghost crab
 16313 | Orc:2    | an orc knight changed into a ghost crab
 16317 | Orc:2    | Paralysed by an orc sorcerer for 6 turns
 16323 | Orc:2    | Noticed an orc high priest
 16329 | Orc:2    | Reached skill level 8 in Long Blades
 16843 | Orc:2    | Gained mutation: You are somewhat resistant to further mutation. [potion of beneficial mutation]
 16940 | Orc:2    | Noticed an orc high priest
 16948 | Orc:2    | Received a gift from Okawaru
 16951 | Orc:2    | Killed an orc high priest
 17292 | Orc:1    | Noticed a stone giant
 17305 | Orc:1    | Killed a stone giant
 17305 | Orc:1    | Reached skill level 9 in Long Blades
 18198 | Orc:2    | Killed an orc high priest
 18198 | Orc:2    | Received a gift from Okawaru
 18294 | Orc:2    | Killed a ghost crab
 18736 | Orc:2    | Found Veru Tyh's Antique Weapon Emporium.
 18751 | Orc:2    | Killed an orc high priest
 18751 | Orc:2    | Received a gift from Okawaru
 18751 | Orc:2    | Gained mutation: You can use your snake-like lower body to constrict enemies. [Naga growth]
 18751 | Orc:2    | Reached XP level 13. HP: 77/126 MP: 11/17
 18752 | Orc:2    | Found Ecsihaat's Distillery.
 18945 | Orc:2    | Found Tetzen's Jewellery Boutique.
 18951 | Orc:2    | Found Woir's Assorted Antiques.
 18957 | Orc:2    | Bought a potion of heal wounds for 70 gold pieces
 18957 | Orc:2    | Bought 2 potions of curing for 84 gold pieces
 18957 | Orc:2    | Bought a potion of curing for 42 gold pieces
 18959 | Orc:2    | Bought a glowing onyx ring for 150 gold pieces
 18959 | Orc:2    | Bought a scroll labeled DAWKAI ROKH for 30 gold pieces
 18959 | Orc:2    | Bought a crude scale mail for 270 gold pieces
 18959 | Orc:2    | Bought a cloak for 135 gold pieces
 18974 | Orc:2    | Identified the +6 scale mail of Pleasant Breezes {rF+ rCorr} (You bought it in a shop on level 2 of the Orcish Mines)
 19278 | Lair:2   | Reached skill level 10 in Long Blades
 20235 | Lair:3   | Found a shimmering altar of Xom.
 21850 | Lair:5   | Reached skill level 11 in Long Blades
 21850 | Lair:5   | Reached skill level 1 in Stealth
 22296 | Lair:5   | Found a staircase to the Shoals.
 23210 | Lair:6   | Found a hole to the Spider Nest.
 23212 | Lair:6   | Noticed Kirke
 23215 | Lair:6   | Received a gift from Okawaru
 23341 | Lair:6   | Noticed a sphinx
 23350 | Lair:5   | Killed Kirke
 23350 | Lair:5   | Reached skill level 12 in Long Blades
 23744 | Lair:6   | Reached XP level 14. HP: 131/135 MP: 18/18
 24669 | Lair:7   | Reached skill level 5 in Stealth
 25264 | Lair:8   | Entered Level 8 of the Lair of Beasts
 25264 | Lair:8   | Found a frozen archway.
 25264 | Lair:8   | Found a staircase to the Slime Pits.
 25264 | Lair:8   | Found a viscous altar of Jiyva.
 25328 | IceCv    | Entered an ice cave
 25331 | IceCv    | Received a gift from Okawaru
 25359 | IceCv    | Got a pitted glaive {god gift}
 25360 | IceCv    | Identified the +4 glaive "Sugiez" {drain, rN+ Str+2 Dex+4} (Okawaru gifted it to you in an ice cave)
 25380 | IceCv    | Identified 3 scrolls of acquirement
 25426 | IceCv    | Reached skill level 13 in Long Blades
 25445 | IceCv    | Identified a +5 rod of clouds (9/9) (You found it in an ice cave)
 25586 | Lair:8   | Found an iron altar of Okawaru.
 25799 | Lair:8   | Received a gift from Okawaru
 26124 | Lair:8   | Learned a level 3 spell: Stone Arrow
 26484 | Lair:8   | Reached XP level 15. HP: 120/144 MP: 16/19
 26613 | Lair:8   | Reached skill level 14 in Long Blades
 26624 | Lair:8   | Received a gift from Okawaru
 26631 | Lair:8   | Reached ****** piety under Okawaru
 27301 | Lair:8   | Got a twitching bronze ring
 27427 | Lair:8   | Reached skill level 10 in Dodging
 27804 | Lair:8   | Identified the ring "Sugituz" {Fire Dex+4} (You found it on level 8 of the Lair of Beasts)
 27993 | D:10     | Found Obugruq's Armour Shop.
 28001 | D:10     | Bought the cursed +0 hat "Woseoti" {rN++ MR+} for 313 gold pieces
 28683 | D:11     | Received a gift from Okawaru
 29369 | D:11     | Noticed Erica
 29375 | D:11     | Killed Erica
 29615 | D:11     | Reached skill level 15 in Long Blades
 29717 | D:11     | Learned a level 4 spell: Airstrike
 30002 | D:12     | Found Hufeipy's Assorted Antiques.
 30013 | D:12     | Bought a pitted scale mail for 315 gold pieces
 30013 | D:12     | Bought a scroll of teleportation for 105 gold pieces
 30013 | D:12     | Bought a scroll of teleportation for 105 gold pieces
 30013 | D:12     | Bought a scroll labeled PYCRAT ACLIBOSS for 35 gold pieces
 30024 | D:12     | Identified the +3 scale mail of Ockoc {MR+} (You bought it in a shop on level 12 of the Dungeon)
 30734 | D:13     | Got an encrusted scimitar
 30743 | D:13     | Identified the +4 scimitar of Amorality {freeze, *Confuse rElec rPois} (You found it on level 13 of the Dungeon)
 30831 | D:13     | Found a flagged portal.
 30838 | Bailey   | Entered a bailey
 31144 | Bailey   | Found a bloodstained altar of Trog.
 31398 | D:13     | Received a gift from Okawaru
 31403 | D:13     | Got a polished naga barding {god gift}
 31414 | D:13     | Identified the +1 naga barding of Pipunom {+Inv rN+ Int-4} (Okawaru gifted it to you on level 13 of the Dungeon)
 31674 | D:13     | Found a gate to the Vaults.
 31934 | D:14     | Found a sacrificial altar of Ru.
 32053 | D:14     | Reached XP level 16. HP: 154/154 MP: 20/20
 32700 | D:15     | Entered Level 15 of the Dungeon
 33317 | D:15     | Reached skill level 16 in Long Blades
 33964 | D:15     | Got an ichor-stained crystal plate armour
 33975 | D:15     | Identified the +0 crystal plate armour of Edics {+Blink rC+ Int+6} (You acquired it on level 15 of the Dungeon)
 33996 | D:15     | Found a sparkling altar of Nemelex Xobeh.
 34124 | D:15     | Reached skill level 10 in Short Blades
 34693 | D:15     | Found a staircase to the Depths.
 35027 | Spider:1 | Entered Level 1 of the Spider Nest
 35491 | Spider:1 | Received a gift from Okawaru
 36019 | Elf:1    | Entered Level 1 of the Elven Halls
 36047 | Elf:1    | Found Neniuhik's Food Shoppe.
 36265 | Elf:1    | Reached skill level 10 in Armour
 36936 | Shoals:1 | Entered Level 1 of the Shoals
 37215 | Shoals:1 | Reached XP level 17. HP: 148/164 MP: 21/21
 37778 | Shoals:2 | Reached skill level 17 in Long Blades
 38441 | Shoals:2 | Reached skill level 10 in Stealth
 38490 | Shoals:2 | Noticed Polyphemus
 38508 | Shoals:2 | Killed Polyphemus
 38508 | Shoals:2 | Received a gift from Okawaru
 38818 | Shoals:2 | Got a twisted hat {god gift}
 38829 | Shoals:2 | Identified the +1 hat "Uploj" {rElec Str+2 Int+3 Dex+2} (Okawaru gifted it to you on level 2 of the Shoals)
 38851 | Shoals:2 | Noticed a kraken
 38982 | Shoals:2 | Noticed Jorgrun
 38988 | Shoals:2 | Killed Jorgrun
 39035 | Shoals:3 | Noticed Roxanne
 39214 | Shoals:2 | Noticed Nikola
 39444 | Shoals:3 | Killed Roxanne
 39447 | Shoals:3 | Noticed Louise
 39495 | Shoals:2 | Killed Nikola
 39951 | Shoals:2 | Killed Louise
 41880 | Spider:1 | Reached skill level 18 in Long Blades
 41887 | Spider:1 | Received a gift from Okawaru
 42134 | Spider:1 | Got a scorched quick blade {god gift}
 42135 | Spider:1 | Identified the +7 quick blade of Battle {pierce, rElec rPois Int+7 Stlth-} (Okawaru gifted it to you on level 1 of the Spider Nest)
 42204 | Spider:2 | Noticed Arachne
 42687 | Spider:2 | Noticed Aizul
 42719 | Spider:1 | Killed Aizul
 43171 | Spider:1 | Reached XP level 18. HP: 149/175 MP: 18/22
 43708 | Spider:2 | Killed Arachne
 43830 | Spider:2 | Received a gift from Okawaru
 44078 | Spider:2 | Got a pitted demon blade {god gift}
 44079 | Spider:2 | Identified the +7 demon blade of Distant Shores {drain, rElec rF+ MP+9 Int-4} (Okawaru gifted it to you on level 2 of the Spider Nest)
 45765 | Spider:3 | Received a gift from Okawaru
 45890 | Spider:4 | Entered Level 4 of the Spider Nest
 46964 | Spider:3 | Reached skill level 19 in Long Blades
 46981 | Spider:3 | Received a gift from Okawaru
 46988 | Spider:3 | Got a pair of distressingly furry gloves {god gift}
 46999 | Spider:3 | HP: 8/176 [poisoned by a redback]
 47005 | Spider:3 | HP: 6/176 [poisoned by a redback]
 47012 | Spider:3 | HP: 6/176 [poisoned by a redback]
 47019 | Spider:3 | HP: 7/176 [poisoned by a redback]
 47563 | Spider:3 | Identified the +2 pair of gloves of the Last Wishes {Int+4} (Okawaru gifted it to you on level 3 of the Spider Nest)
 48151 | Spider:4 | Reached XP level 19. HP: 124/183 MP: 7/23
 48516 | Spider:4 | Got a gossamer rune of Zot
 49062 | Vaults:1 | Entered Level 1 of the Vaults
 49910 | Vaults:1 | Found Waeduosu's Assorted Antiques.
 49940 | Vaults:1 | Bought a scroll of holy word for 262 gold pieces
 50044 | Vaults:1 | Noticed Wiglaf
 50066 | Vaults:1 | Killed Wiglaf
 50401 | Vaults:1 | Got a slimy war axe
 50402 | Vaults:1 | Identified the +3 war axe of Reiros {speed, rN+} (You found it on level 1 of the Vaults)
 50595 | Vaults:1 | Received a gift from Okawaru
 51344 | Vaults:2 | Reached skill level 20 in Long Blades
 51635 | Vaults:2 | Received a gift from Okawaru
 51635 | Vaults:2 | Reached skill level 5 in Shields
 51654 | Vaults:2 | Got a polished shield {god gift}
 51665 | Vaults:2 | Identified the -1 shield of Okawaru's Hatred {rF+} (Okawaru gifted it to you on level 2 of the Vaults)
 51689 | Vaults:2 | Reached skill level 15 in Fighting
 52039 | Vaults:2 | Noticed Frances
 52050 | Vaults:2 | Killed Frances
 52445 | Vaults:2 | Found a staircase to the Crypt.
 52644 | Vaults:2 | Reached XP level 20. HP: 191/194 MP: 24/24
 53036 | Vaults:2 | Found a basalt altar of Yredelemnul.
 53587 | Depths:1 | Entered Level 1 of the Depths
 53593 | Depths:1 | Received a gift from Okawaru
 54239 | Shoals:4 | Entered Level 4 of the Shoals
 54409 | Shoals:4 | Got an ivory dagger
 54410 | Shoals:4 | Identified the +7 dagger "Arbiter" {pierce, rC+ Str+3 Int-2} (You found it on level 4 of the Shoals)
 54635 | Shoals:4 | Got a barnacled rune of Zot
 54769 | Shoals:4 | Noticed Ilsuiw
 54785 | Shoals:4 | Killed Ilsuiw
 54785 | Shoals:4 | Reached skill level 21 in Long Blades
 55426 | Shoals:4 | Learned a level 2 spell: Blink
 55807 | Shoals:4 | Reached skill level 1 in Translocations
 56173 | Shoals:3 | Reached skill level 1 in Spellcasting
 56256 | Shoals:3 | Received a gift from Okawaru
 58341 | Vaults:3 | Noticed Mara
 58358 | Vaults:3 | Noticed chei's illusion
 58906 | Vaults:3 | Reached XP level 21. HP: 188/202 MP: 25/25
 58913 | Vaults:3 | Received a gift from Okawaru
 59423 | Vaults:3 | Received a gift from Okawaru
 59734 | Vaults:3 | Noticed Mennas
 59759 | Vaults:3 | Killed Mennas
 60001 | Vaults:3 | Killed Mara
 60001 | Vaults:3 | Reached skill level 22 in Long Blades
 60217 | Vaults:3 | Got a transparent scale mail {god gift}
 60231 | Vaults:3 | Identified the +3 scale mail "Ypseschue" {MR+} (Okawaru gifted it to you on level 3 of the Vaults)
 60757 | Vaults:4 | Noticed Jory
 60772 | Vaults:4 | Killed Jory
 61066 | Vaults:4 | Reached skill level 5 in Translocations
 61291 | Vaults:4 | Received a gift from Okawaru
 61594 | Vaults:4 | Reached XP level 22. HP: 213/213 MP: 28/28
 62598 | Vaults:3 | Received a gift from Okawaru
 62601 | Vaults:3 | Got a jewelled cloak {god gift}
 62612 | Vaults:3 | Identified the +2 cloak of Trumpets {+Inv rElec Int+3} (Okawaru gifted it to you on level 3 of the Vaults)
 62986 | Elf:1    | Bought a meat ration for 65 gold pieces
 62986 | Elf:1    | Bought a meat ration for 65 gold pieces
 62986 | Elf:1    | Bought a bread ration for 65 gold pieces
 62986 | Elf:1    | Bought a bread ration for 65 gold pieces
 62986 | Elf:1    | Bought a bread ration for 65 gold pieces
 62986 | Elf:1    | Bought a bread ration for 65 gold pieces
 63005 | Elf:1    | Noticed Agnes
 63027 | Elf:1    | Killed Agnes
 63027 | Elf:1    | Reached skill level 1 in Air Magic
 63772 | Elf:1    | Identified the Handbook of Assistive Dark Magic
 63994 | Elf:1    | Reached XP level 23. HP: 197/222 MP: 30/30
 64310 | Elf:2    | Reached skill level 23 in Long Blades
 64323 | Elf:2    | Identified a +0 rod of inaccuracy (9/9) (You found it on level 2 of the Elven Halls)
 64406 | Elf:2    | Found a runed gate.
 64406 | Elf:2    | Found a runed gate.
 64406 | Elf:2    | Found a runed gate.
 64492 | Elf:2    | Found a deep blue altar of Sif Muna.
 65186 | Elf:2    | Reached skill level 5 in Spellcasting
 65890 | Elf:3    | Entered Level 3 of the Elven Halls
 66232 | D:4      | Bought the +1 large shield of the Grue {-Tele rC++ rN+ SInv} for 478 gold pieces
 66279 | D:4      | Bought a scroll of recharging for 104 gold pieces
 66366 | Temple   | Fell from the grace of Okawaru
 66366 | Temple   | Became a worshipper of Cheibriados the Contemplative
 67330 | Elf:3    | Reached * piety under Cheibriados
 67792 | Elf:3    | Reached ** piety under Cheibriados
 68944 | Crypt:1  | Entered Level 1 of the Crypt
 68959 | Crypt:1  | Reached XP level 24. HP: 182/231 MP: 31/31
 69164 | Crypt:1  | Reached *** piety under Cheibriados
 69176 | Crypt:1  | You fall through a shaft!
 69209 | Crypt:2  | Got a scorched leather armour
 69210 | Crypt:2  | Identified the +2 leather armour of Hopscotch {rC+ Stlth+} (You found it on level 2 of the Crypt)
 69699 | Crypt:1  | Noticed Donald
 69708 | Crypt:1  | Killed Donald
 69710 | Crypt:1  | Got a steaming shield {Donald}
 69721 | Crypt:1  | Identified the +5 shield of the Midnight Sun {rC- Int+7} (You took it off Donald on level 1 of the Crypt)
 69848 | Crypt:1  | Reached skill level 5 in Air Magic
 69991 | Crypt:1  | Reached **** piety under Cheibriados
 71613 | Crypt:3  | Entered Level 3 of the Crypt
 72978 | Crypt:3  | Found a basalt altar of Yredelemnul.
 73027 | Crypt:3  | Reached skill level 24 in Long Blades
 73124 | Crypt:3  | Reached ***** piety under Cheibriados
 73138 | Crypt:3  | Was forgiven by Okawaru
 73425 | Crypt:3  | Identified the Handbook of Darkness
 73427 | Crypt:3  | Identified the Guide on Mutagenic Confrontation
 73445 | Crypt:3  | Learned a level 8 spell: Necromutation
 73614 | Crypt:3  | Found a staircase to the Tomb.
 74556 | Crypt:2  | Reached XP level 25. HP: 231/239 MP: 33/33
 74734 | Crypt:1  | Reached ****** piety under Cheibriados
 75316 | D:12     | Learned a level 6 spell: Deflect Missiles
 75430 | D:12     | Learned a level 9 spell: Tornado
 75441 | D:12     | Learned a level 4 spell: Passage of Golubria
 75468 | D:12     | Upgraded the game from 0.18-a0-1426-g3b9a63c to 0.18-a0-1435-gee79d65
 75487 | D:12     | Learned a level 4 spell: Force Lance
 76530 | Elf:3    | Reached skill level 1 in Conjurations
 76619 | Elf:3    | Got a serpentine brass amulet
 76739 | Elf:3    | Learned a level 5 spell: Summon Forest
 77777 | Elf:3    | Identified the amulet "Ybeqa" {+Blink +Rage} (You took it off a deep elf annihilator on level 3 of the Elven Halls)
 77820 | Elf:3    | Learned a level 8 spell: Controlled Blink
 77995 | Elf:3    | Got a smelly plate armour
 78006 | Elf:3    | Identified the +2 plate armour of Devotion {rPois rC+ Str+6 Slay-6} (You took it off a deep elf master archer on level 3 of the Elven Halls)
 78049 | Elf:3    | Got an ichor-stained chain mail
 78060 | Elf:3    | Identified the +1 chain mail of the Vestibule of Hell {rC+ MR+ Dex+2} (You took it off a deep elf high priest on level 3 of the Elven Halls)
 78368 | Depths:1 | Got a transparent robe {god gift}
 78369 | Depths:1 | Identified the +1 robe "Suischa" {*Drain Regen+ Str+4} (Okawaru gifted it to you on level 1 of the Depths)
 78493 | Depths:1 | Found a one-way gate leading to the halls of Pandemonium.
 78984 | Depths:1 | Found a gateway to Hell.
 79083 | Depths:1 | Noticed Sojobo
 79098 | Depths:1 | Killed Sojobo
 79171 | Depths:1 | Reached skill level 10 in Spellcasting
 79398 | Depths:1 | Found a sparkling altar of Nemelex Xobeh.
 79441 | Depths:1 | Learned a level 6 spell: Dispersal
 80077 | Depths:2 | Found a one-way gate to the infinite horrors of the Abyss.
 80132 | Depths:2 | Reached skill level 1 in Charms
 80778 | Depths:2 | Reached XP level 26. HP: 188/249 MP: 37/37
 81251 | Depths:2 | Found a portal to a secret trove of treasure.
 81811 | Depths:3 | Reached skill level 10 in Invocations
 81983 | Depths:3 | Found a gateway to a ziggurat.
 82038 | Depths:3 | Reached skill level 10 in Translocations
 83868 | Depths:4 | Noticed the Enchantress
 83900 | Depths:4 | Killed the Enchantress
 83900 | Depths:4 | Reached skill level 10 in Air Magic
 84185 | Depths:4 | Reached skill level 1 in Staves
 84606 | Depths:4 | Reached XP level 27. HP: 207/258 MP: 40/40
 85039 | Depths:5 | Entered Level 5 of the Depths
 85451 | Depths:5 | Found a gate to the Realm of Zot.
 85721 | Depths:5 | Found Qyuc's Magic Scroll Shop.
 85753 | Depths:5 | Bought a scroll of teleportation for 66 gold pieces
 85753 | Depths:5 | Bought a scroll of identify for 44 gold pieces
 85753 | Depths:5 | Bought a scroll of blinking for 165 gold pieces
 85753 | Depths:5 | Bought a scroll of teleportation for 66 gold pieces
 87004 | Elf:1    | Bought a beef jerky for 19 gold pieces
 87004 | Elf:1    | Bought a beef jerky for 19 gold pieces
 87004 | Elf:1    | Bought a beef jerky for 19 gold pieces
 87004 | Elf:1    | Bought a beef jerky for 19 gold pieces
 87004 | Elf:1    | Bought a beef jerky for 19 gold pieces
 87472 | Depths:2 | Reached skill level 15 in Spellcasting
 87849 | Vaults:5 | Entered Level 5 of the Vaults
 87849 | Vaults:5 | Noticed an ancient lich
 87849 | Vaults:5 | Noticed namelastname112's ghost (adept DrMo)
 87864 | Vaults:5 | Noticed an ancient lich
 87870 | Vaults:5 | Killed namelastname112's ghost
 87873 | Vaults:5 | Cast into level 5 of the Abyss (an ancient lich)
 87873 | Abyss:5  | Entered Level 5 of the Abyss
 87916 | Abyss:5  | Gained mutation: You occasionally shout uncontrollably at your foes. [a neqoxec]
 87973 | Vaults:5 | Escaped the Abyss
 87988 | Vaults:4 | Killed an ancient lich
 88579 | Vaults:4 | Killed an ancient lich
 88749 | Vaults:5 | Reached skill level 5 in Conjurations
 89142 | Vaults:5 | Noticed an ancient lich
 89170 | Vaults:5 | Killed an ancient lich
 89535 | Vaults:5 | Found Zegirag's Food Shop.
 89539 | Vaults:5 | Bought a bread ration for 55 gold pieces
 89539 | Vaults:5 | Bought a bread ration for 55 gold pieces
 89539 | Vaults:5 | Bought a meat ration for 55 gold pieces
 89539 | Vaults:5 | Bought a bread ration for 55 gold pieces
 89539 | Vaults:5 | Bought a bread ration for 55 gold pieces
 89539 | Vaults:5 | Bought a bread ration for 55 gold pieces
 89539 | Vaults:5 | Bought a meat ration for 55 gold pieces
 89539 | Vaults:5 | Bought a bread ration for 55 gold pieces
 89539 | Vaults:5 | Bought a bread ration for 55 gold pieces
 89543 | Vaults:5 | Found Hecs's Magic Scroll Shoppe.
 89547 | Vaults:5 | Bought a scroll of amnesia for 70 gold pieces
 89547 | Vaults:5 | Bought a scroll of amnesia for 70 gold pieces
 89548 | Vaults:5 | Found Pokhopn's Food Boutique.
 89671 | Vaults:5 | Got a transparent wooden ring
 89674 | Vaults:5 | Identified the ring "Qats" {rC+ Str+2 Int-5 Dex+4} (You found it on level 5 of the Vaults)
 89698 | Vaults:5 | Got a pitted plate armour
 89699 | Vaults:5 | Identified the +6 plate armour of Dogma {rElec rC++ rCorr} (You found it on level 5 of the Vaults)
 89978 | Vaults:5 | Got a steaming helmet
 89979 | Vaults:5 | Identified the cursed +0 helmet "Raulul" {MR+ Slay+3} (You found it on level 5 of the Vaults)
 90274 | Vaults:5 | Found Tioroefu's Food Boutique.
 90274 | Vaults:5 | Found Ratex's Food Emporium.
 90292 | Vaults:5 | Got a silver rune of Zot
 90372 | Vaults:5 | Found Fuocepp's Food Emporium.
 90386 | Vaults:5 | Found Tiytal's Distillery.
 90386 | Vaults:5 | Found Meoheb's Magic Scroll Boutique.
 90397 | Vaults:5 | Bought a scroll of enchant weapon for 142 gold pieces
 90398 | Vaults:5 | Bought a scroll of teleportation for 57 gold pieces
 90408 | Vaults:5 | Bought a potion of heal wounds for 75 gold pieces
 90408 | Vaults:5 | Bought a potion of heal wounds for 75 gold pieces
 90408 | Vaults:5 | Bought a potion of heal wounds for 75 gold pieces
 90690 | Vaults:5 | Found Syuchelu's Food Emporium.
 90942 | Vaults:5 | Bought a scroll of acquirement for 988 gold pieces
 91239 | Depths:2 | You paid a toll of a +4 demon whip to enter a treasure trove
 91240 | Trove    | Entered a treasure trove
 91253 | Trove    | Got an iridescent double sword
 91254 | Trove    | Identified the +6 double sword of Hahucoup {slice, *Contam +Rage Int+5} (You found it in a treasure trove)
 91266 | Trove    | Got a polished demon blade
 91270 | Trove    | Identified the +11 demon blade of the Many Runes {slice, *Noise rElec Int+5} (You found it in a treasure trove)
 91273 | Trove    | Got a pitted demon blade
 91274 | Trove    | Identified the +1 demon blade "Qaokhah" {flame, rC+ rN+ MR+} (You found it in a treasure trove)
 91295 | Trove    | Got an iridescent long sword
 91296 | Trove    | Identified the +3 long sword "Fesity" {freeze, SInv} (You found it in a treasure trove)
 91575 | Zot:1    | Entered Level 1 of the Realm of Zot
 92193 | Zot:1    | Got a heavily runed iron ring
 92248 | Zot:1    | Identified the ring "Okaos" {*Corrode rF+ rN+ MR++ Int+3} (You found it on level 1 of the Realm of Zot)
 92270 | Zot:1    | Noticed a juggernaut
 92280 | Zot:1    | Killed a juggernaut
 93622 | Zot:1    | Noticed an ancient lich
 93626 | Zot:1    | Killed an ancient lich
 94161 | Zot:1    | Learned a level 3 spell: Spider Form
 94263 | Zot:1    | Reached skill level 15 in Translocations
 95004 | Zot:2    | Noticed an orb of fire
 95010 | Zot:2    | Gained mutation: You are frail (-10% HP). [an orb of fire]
 95014 | Zot:2    | Killed an orb of fire
 95774 | Zot:2    | Reached skill level 15 in Air Magic
 96622 | Zot:3    | Reached skill level 10 in Conjurations
 97018 | Zot:3    | Noticed an orb of fire
 97027 | Zot:3    | Gained mutation: You are dopey. (Int -2) [an orb of fire]
 97033 | Zot:3    | Killed an orb of fire
 97703 | Hell     | Entered the Vestibule of Hell
 97703 | Hell     | Noticed Geryon
 98001 | Depths:1 | Learned a level 8 spell: Necromutation
 98321 | Slime:1  | Entered Level 1 of the Pits of Slime
 99649 | Slime:6  | Entered Level 6 of the Pits of Slime
 99679 | Slime:6  | Noticed the Royal Jelly
 99679 | Slime:6  | Found a viscous altar of Jiyva.
 99971 | Slime:6  | HP: 6/233 [acid[the Royal Jelly] (6)]
 99975 | Slime:6  | Killed the Royal Jelly
102113 | Slime:6  | Identified the Collected Works on Feathery Confrontation
102121 | Slime:6  | Got a slimy rune of Zot
102161 | Slime:6  | Got a wizard robe
102253 | Slime:6  | Identified the +1 robe of Boredom {Int+4} (You found it on level 6 of the Pits of Slime)
102268 | Slime:6  | Got a fine long sword
102269 | Slime:6  | Identified the +6 long sword "Kafanot" {freeze, rPois Dex+4} (You found it on level 6 of the Pits of Slime)
103332 | Zot:4    | Noticed an orb of fire
103349 | Zot:4    | Killed an orb of fire
103831 | Zot:5    | Entered Level 5 of the Realm of Zot
104081 | Zot:5    | Learned a level 8 spell: Disjunction
104883 | Zot:5    | Noticed an ancient lich
105169 | Zot:5    | Noticed an ancient lich
105180 | Zot:5    | Killed an ancient lich
105259 | Zot:5    | Noticed an orb of fire
105284 | Zot:5    | Killed an orb of fire
105663 | Zot:5    | Noticed an ancient lich
105715 | Zot:5    | Noticed an orb of fire
105724 | Zot:5    | Killed an orb of fire
105821 | Zot:5    | Noticed an orb of fire
105847 | Zot:5    | Noticed an orb of fire
105851 | Zot:5    | Noticed an orb of fire
105866 | Zot:5    | Gained mutation: Your magical capacity is low (-10% MP). [an orb of fire]
105939 | Zot:3    | Gained mutation: You sometimes yell uncontrollably at your foes. [an orb of fire]
106600 | Tomb:1   | Entered Level 1 of the Tomb of the Ancients
106702 | Tomb:1   | Noticed Frederick
106714 | Tomb:1   | Killed Frederick
106851 | Tomb:1   | Noticed a greater mummy
106851 | Tomb:1   | Noticed a greater mummy
106852 | Tomb:1   | Noticed a greater mummy
107329 | Tomb:1   | Killed a greater mummy
107519 | Tomb:1   | Killed a greater mummy
107594 | Tomb:1   | Killed a greater mummy
107653 | Tomb:1   | Identified a +0 rod of clouds (11/11) (You found it on level 1 of the Tomb of the Ancients)
107724 | Tomb:2   | Noticed a greater mummy
107724 | Tomb:2   | Noticed a greater mummy
107724 | Tomb:2   | Noticed a greater mummy
107724 | Tomb:2   | Noticed a greater mummy
107764 | Tomb:2   | Killed a greater mummy
107784 | Tomb:2   | HP: 10/233 [greater mummy (17)]
107784 | Tomb:2   | HP: 2/233 [bennu (8)]
107785 | Tomb:2   | Slain by a greater mummy

Vault maps used:
D:1:      dpeg_arrival_triangle_fractal, minmay_misc_feat_chi,
          kennysheep_another_room, st_stairs_8
D:2:      forest_paths, uniq_iyjb
D:3:      ecumenical_altar_2, serial_glass, glass_columns_c, glass_columns_a,
          item_on_display_a, item_on_display_a, item_on_display_a,
          minmay_strange_pillars, first_bread
D:4:      minitemple, serial_shops, shop, shop_fountains, shop_fountains
D:5:      nicolae_dithmenos_through_a_glass_darkly, uniq_menkaure
D:6:      kennysheep_little_box, uniq_sigmund
D:7:      temple_statues, basic_altar, minmay_misc_feat_secret_circle,
          grunt_livestock, nrook_mini_vaults
D:8:      ashenzari_altar_1, david_lair_generic, uniq_prince_ribbit1
D:9:      erik_orc_3, basic_altar, hangedman_abyss_or_decor_passed, uniq_psyche
D:10:     serial_shops, shop_fountains
D:11:     cheibrodos_lost_city_excavation, uniq_erica
D:12:     serial_shops, shop
D:13:     david_vaults_2, enter_bailey_2
D:14:     nicolae_ru_awakened_eye
D:15:     grunt_enter_depths_magical_seal, basic_altar, serial_bayou_lake_a
Temple:   triangle_lava_temple_12
Lair:1:   lab_entry_generic, grunt_megastairs_3, infiniplex_staircase_pool,
          serial_bayou_shore_b, serial_bayou_shore_a
Lair:2:   grunt_forest_small_clearings, grunt_megastairs_1
Lair:3:   basic_altar, serial_bayou_crossing, infiniplex_staircase_pool_2
Lair:4:   minivault_24
Lair:5:   elwin_shoals_entry_stream
Lair:6:   minmay_lair_oklob_items, spider_nest_entry_web_field,
          eino_small_chamber_without_monster, grunt_megastairs_2, uniq_kirke
Lair:7:   beast_lair_carwin_11, lemuel_fruit_tree
Lair:8:   evilmike_catoblepas_cave, slime_altar_1,
          portal_ice_cave_entry_pillars_03, basic_altar
Shoals:2: uniq_jorgrun, uniq_nikola, uniq_polyphemus
Shoals:3: uniq_louise, uniq_roxanne
Shoals:4: shoals_end_grunt_ice, shoals_ilsuiw_ice,
          nicolae_shoals_aquamancer_cove
Spider:1: zaba_antful_of_joy
Spider:2: uniq_arachne, uniq_aizul
Spider:3: spider_trap
Spider:4: spider_rune_water, guppyfry_spider_mini_1
Slime:2:  nicolae_slime_round_cave
Orc:1:    lemuel_statue_altar
Orc:2:    st_orc_elflike, nicolae_orc_crystal_geode
Elf:1:    eino_elf_arrival_the_gate, serial_co_window_serial,
          co_window_of_opportunity_a, co_window_corner_a, co_window_paths_a,
          co_window_corner_a, co_window_corner_a, co_window_corner_a,
          co_window_corner_a, co_window_2corner, co_window_corner_cb,
          co_window_paths_c, co_window_corner_b, co_window_paths_c,
          co_window_paths_e, serial_shops, shop, minmay_elf_necromancy,
          uniq_agnes
Elf:2:    basic_altar
Elf:3:    minmay_elf_hall_x, minmay_misc_feat_rows
Vaults:1: nicolae_vaults_an_arrangement, hangedman_vaults_stretched_pinwheel,
          nicolae_vaults_ninety_degrees, v_misc_14, hangedman_vaults_river_flow,
          nicolae_vaults_little_squares_1, grunt_vaults_trifunnel,
          nicolae_vaults_border_crossing, nicolae_vaults_sealed_display,
          vaults_room_pool, serial_shops, shop, uniq_wiglaf
Vaults:2: minmay_crypt_entry_simple_statues, serial_ice_h, v_rooms_2,
          hangedman_vaults_unwind, v_misc_29, v_rooms_3, sword_in_stone,
          grunt_vaults_twisty, vaults_mumra_minichess_inversion,
          ontoclasm_vaults_pinch, nicolae_vaults_angled_halls,
          nicolae_vaults_little_squares_4, nicolae_vaults_little_squares_6,
          basic_altar
Vaults:3: nicolae_vaults_big_ls, v_misc_31, vaults_dpeg_cross,
          ontoclasm_vaults_misaligned, v_misc_9, st_more_cells,
          hangedman_vaults_nodes, nicolae_vaults_theta, ontoclasm_vaults_chip,
          ontoclasm_vaults_ring_square, hangedman_vaults_trim, uniq_mara,
          uniq_mennas
Vaults:4: hangedman_vaults_capsules, vaults_room_grunt_arrival_ludios,
          vaults_dpeg_diagonal, grunt_vaults_swirl, v_misc_1, v_pattern_2,
          ontoclasm_vaults_decontamination, nicolae_vaults_shelves_hall,
          grunt_vaults_hallway_long, vaults_room_pool, uniq_jory
Vaults:5: serial_shops
Crypt:1:  grunt_ministairs_14, uniq_donald
Crypt:3:  evilmike_haunted_forest
Tomb:1:   uniq_frederick
Depths:1: minmay_misc_feat_five, grunt_hell_entry_dis_grunt,
          rand_demon_pan_entry_5, nemelex_deck, uniq_sojobo
Depths:2: minmay_spriggan_fort, kennysheep_cross_bottleneck, abyss_entry,
          hell_entry, enter_trove_2
Depths:3: minmay_blocking_statues, enter_ziggurat_d, pan_entry,
          minmay_misc_feat_room, hell_entry, infiniplex_staircase_zigzag_5
Depths:4: minmay_nested_s, hell_entry, serial_bayou_pond_a, abyss_entry,
          minmay_staircase_statues, uniq_enchantress
Depths:5: evilmike_zot_entry_basic, grunt_hell_horde, abyss_entry,
          moated_statue, serial_shops, shop_coins, pan_entry,
          lemuel_nasty_fountain
Zot:1:    grunt_ministairs_3, lemuel_lich_library
Zot:2:    hangedman_orp_of_zott
Zot:3:    kennysheep_six_static_rooms, grunt_ministairs_9
Zot:4:    hangedman_snake_sidewinding
Abyss:5:  minivault_23, hangedman_elemental_corridor,
          evilmike_abyss_rune_acolytes_2
Trove:    trove_weapons_four_rooms
Bailey:   bailey_axe_3, bailey
IceCv:    ice_cave_statue_garden_01

Skill      XL: |  1  2  3  4  5  6  7  8  9 10 11 12 13 14 15 16 17 18 19 20 21 22 23 24 25 26 27 |
---------------+----------------------------------------------------------------------------------+-----
Dodging        | 1 2 4 5 6 7 8 9 10 11 12 13 | 13.6
Armour         | 3 4 5 6 7 8 9 10 11 12 | 12.0
Long Blades    | 3 4 7 9 12 13 15 16 18 19 20 21 22 23 24 | 24.3
Fighting       | 4 5 7 8 9 10 11 12 13 14 15 16 17 | 17.6
Short Blades   | 1 3 4 5 6 9 11 12 | 12.9
Invocations    | 2 4 6 7 9 11 12 | 12.5
Evocations     | 1 |  1.9
Stealth        | 3 7 9 10 11 12 | 12.0
Shields        | 4 5 6 |  6.3
Translocations | 2 5 6 7 8 9 10 17 | 17.9
Spellcasting   | 1 4 5 7 10 13 23 | 23.4
Air Magic      | 2 4 6 8 10 18 | 18.8
Conjurations   | 2 14 | 14.1
Charms         | 1 |  1.8
Staves         | 1 4 |  4.0
Summonings     | |  0.8

Action                   |  1- 3 |  4- 6 |  7- 9 | 10-12 | 13-15 | 16-18 | 19-21 | 22-24 | 25-27 || total
-------------------------+-------+-------+-------+-------+-------+-------+-------+-------+-------++-------
Melee: Long sword        |   126 |   103 |       |       |       |       |       |       |       ||   229
       Rapier            |       |   105 |   400 |   160 |       |       |       |       |       ||   665
       Great sword       |       |       |       |   317 |  1076 |   845 |       |       |       ||  2238
       Scimitar          |       |       |       |   275 |     5 |       |       |       |       ||   280
       Quick blade       |       |       |       |       |       |   100 |       |       |       ||   100
       Demon blade       |       |       |       |       |       |   407 |  1911 |  1850 |  3225 ||  7393
       Triple sword      |       |       |       |       |       |       |       |       |  1283 ||  1283
       Staff             |       |       |       |       |       |       |       |       |     1 ||     1
Throw: Javelin           |       |       |       |     2 |       |       |       |       |       ||     2
 Cast: Blink             |       |       |       |       |       |       |       |    13 |     2 ||    15
       Airstrike         |       |       |       |       |       |       |       |       |     6 ||     6
       Passage of Golubr |       |       |       |       |       |       |       |       |     6 ||     6
       Force Lance       |       |       |       |       |       |       |       |       |     3 ||     3
       Deflect Missiles  |       |       |       |       |       |       |       |       |    19 ||    19
       Summon Forest     |       |       |       |       |       |       |       |       |     2 ||     2
       Dispersal         |       |       |       |       |       |       |       |       |     2 ||     2
       Stone Arrow       |       |       |       |       |       |       |       |       |     1 ||     1
       Controlled Blink  |       |       |       |       |       |       |       |       |    28 ||    28
       Tornado           |       |       |       |       |       |       |       |       |     6 ||     6
       Spider Form       |       |       |       |       |       |       |       |       |     2 ||     2
       Disjunction       |       |       |       |       |       |       |       |       |     1 ||     1
Invok: Heroism           |       |       |       |     2 |     4 |     6 |     4 |     2 |       ||    18
       Slouch            |       |       |       |       |       |       |       |     3 |    13 ||    16
       Temporal Distorti |       |       |       |       |       |       |       |     1 |       ||     1
 Abil: Spit Poison       |     3 |       |       |       |       |       |       |       |       ||     3
       Breathe Poison Ga |       |     3 |    13 |    44 |    28 |    24 |    26 |    23 |    20 ||   181
       Evoke Invisibilit |       |       |       |       |       |     2 |     1 |     3 |     1 ||     7
       End Transformatio |       |       |       |       |       |       |       |       |     1 ||     1
Evoke: Wand              |       |     2 |       |     9 |     7 |     5 |     8 |     8 |    20 ||    59
       Rod               |       |       |       |       |     1 |       |       |       |       ||     1
       Stone of tremors  |       |       |       |       |       |     1 |     2 |     2 |     3 ||     8
       Phial of floods   |       |       |       |       |       |       |     1 |     2 |     3 ||     6
       Sack of spiders   |       |       |       |       |       |       |       |       |     4 ||     4
       Staff of energy   |       |       |       |       |       |       |       |       |     1 ||     1
       Fan of gales      |       |       |       |       |       |       |       |       |     1 ||     1
  Use: Scroll            |     5 |     5 |     8 |    29 |    23 |    12 |    10 |    15 |    63 ||   170
       Potion            |     2 |       |     4 |    10 |     7 |     9 |     6 |    16 |    33 ||    87
 Stab: Sleeping          |       |       |       |       |    26 |    17 |    13 |    24 |    41 ||   121
       Distracted        |       |       |       |       |     4 |     2 |     7 |     6 |    38 ||    57
       Invisible         |       |       |       |       |       |    11 |       |    17 |     5 ||    33
       Fleeing           |       |       |       |       |       |       |       |       |     1 ||     1
  Eat: Chunk             |     2 |     6 |     7 |    20 |    38 |    13 |    16 |     4 |    25 ||   131
       Bread ration      |       |       |     2 |       |       |     1 |       |     3 |     6 ||    12
       Pizza             |       |       |       |     6 |     4 |       |     1 |     1 |     5 ||    17
       Beef jerky        |       |       |       |     2 |     2 |     3 |     1 |     2 |     8 ||    18
       Royal jelly       |       |       |       |     1 |       |     1 |       |     1 |     4 ||     7
       Fruit             |       |       |       |     1 |       |     4 |     8 |     4 |     7 ||    24
       Meat ration       |       |       |       |       |       |     4 |     4 |     2 |     2 ||    12
